 Dungeon Crawl Stone Soup version 0.29.1-15-g9cfb28693d (webtiles) character file.

Game seed: 15255568220930201836

1666 H0rd4k the Insei (level 9, -2/62 HPs)
             Began as an Octopode Artificer on Apr 3, 2023.
             Slain by a centaur (4 damage)
             ... on level 6 of the Dungeon.
             The game lasted 00:07:07 (7303 turns).

H0rd4k the Insei (Octopode Artificer)               Turns: 7303, Time: 00:07:07

Health: -2/62      AC:  1    Str: 11    XL:     9   Next: 1%
Magic:  27/27      EV: 13    Int: 17    God:
Gold:   325        SH:  0    Dex: 13    Spells: 12/20 levels left

rFire   x . .      SeeInvis +     - Unarmed
rCold   + + .      Faith    .   (no shield)
rNeg    . . .      Spirit   .   (helmet restricted)
rPois   .          Reflect  .   (no amulet)
rElec   .          Harm     .   h - ring of flight
rCorr   .          Rampage  .   u - ring of ice
Will    .....                   q - ring of protection from cold
Stlth   +++.......              x - ring of see invisible
HPRegen 0.20/turn               y - ring of magical power
MPRegen 0.20/turn               (no ring)
                                (no ring)
                                (no ring)

@: flying, studying Unarmed Combat
A: almost no armour, amphibious, 8 rings, camouflage 1, gelatinous body 1,
(nimble swimmer 1), tentacles
a: no special abilities


You were on level 6 of the Dungeon.
You visited 1 branch of the dungeon, and saw 6 of its levels.

You collected 325 gold pieces.

Inventory:

Missiles
 f - 2 datura-tipped darts
Magical Staves
 m - a staff of death
 t - a staff of fire
Jewellery
 h - a ring of flight (left tentacle)
 q - a ring of protection from cold (on tentacle)
 u - a ring of ice (right tentacle)
 x - a ring of see invisible (on tentacle)
 y - a ring of magical power (on tentacle)
Wands
 b - a wand of flame (51) (quivered)
 c - a wand of charming (1)
 d - a wand of iceblast (1)
Scrolls
 a - a scroll of vulnerability
 e - 3 scrolls of poison {unknown}
 g - a scroll of enchant armour {unknown}
 i - 4 scrolls of summoning
 k - 2 scrolls of teleportation
 l - 2 scrolls of immolation
 n - 3 scrolls of enchant weapon
 r - 2 scrolls of blinking {unknown}
 v - 3 scrolls of identify
Potions
 j - 3 potions of degeneration
 o - a potion of lignification {unknown}
 p - 2 potions of flight {unknown}
 s - a potion of curing
 w - a potion of attraction {unknown}
 z - a potion of haste {unknown}
 A - a potion of brilliance {unknown}


   Skills:
 + Level 5.7 Fighting
 - Level 2.3 Dodging
 - Level 1.3 Stealth
 - Level 6.1 Unarmed Combat
 * Level 6.1 Spellcasting
 * Level 1.3 Transmutations
 - Level 3.2 Evocations


You had 12 spell levels left.
You knew the following spells:

 Your Spells              Type           Power      Damage    Failure   Level
a - Blade Hands           Tmut           4%         N/A       90%         5
b - Confusing Touch       Hex            5%         N/A       36%         3

Your spell library contained the following spells:

 Spells                   Type           Power      Damage    Failure   Level
 Slow                     Hex            20%        N/A       13%         1
 Portal Projectile        Hex/Tloc       10%        N/A       36%         3
 Tukima's Dance           Hex            5%         N/A       36%         3
 Vampiric Draining        Necr           5%         2d6       36%         3


Dungeon Overview and Level Annotations

Branches:
Dungeon (6/15)
 Temple: D:4-7

Altars:
Trog

Shops:
D:3 [

Annotations:
D:3 exclusion: downstairs
D:4 2 transporters, ymhsbmbesitwf's ghost, amateur OgFE
D:5 2 transporters, Sensen's ghost, novice HuMo


Innate Abilities, Weirdness & Mutations

You cannot wear most types of armour.
You are amphibious.
You can wear up to eight rings at the same time.
Your skin changes colour to match your surroundings (Stealth+).
Your rubbery body absorbs attacks. (AC +1, EV +1)
((You are camouflaged when in or above water. (Stealth+)))
You have tentacles for arms and can constrict up to eight enemies at once.


Message History

Aim: an iguana (chance to affect: 66%)
The iguana struggles to resist.
The iguana closely misses you. The centaur closely misses you.
The centaur kicks you but does no damage.
Unknown command.
Aiming: Charm
Press: ? - help, Shift-Dir - straight line, f/p - iguana
Aim: an iguana (chance to affect: 66%)
The iguana struggles to resist.
The centaur hits you but does no damage.
The centaur closely misses you. The iguana misses you. The centaur hits you.
The centaur kicks you.
* * * LOW HITPOINT WARNING * * *
Aiming: Charm
Press: ? - help, Shift-Dir - straight line, f/p - iguana
Aim: an iguana (chance to affect: 66%)
The iguana struggles to resist.
The iguana bites you.
* * * LOW HITPOINT WARNING * * *
The centaur hits you.
* * * LOW HITPOINT WARNING * * *
The centaur closely misses you.
Aiming: Charm
Press: ? - help, Shift-Dir - straight line, f/p - iguana
Aim: an iguana (chance to affect: 66%)
The iguana struggles to resist.
The centaur completely misses you. The centaur kicks you.
* * * LOW HITPOINT WARNING * * *
The iguana misses you. The centaur closely misses you. The centaur kicks you.
* * * LOW HITPOINT WARNING * * *
Aiming: Charm
Press: ? - help, Shift-Dir - straight line, f/p - iguana
Aim: an iguana (chance to affect: 66%)
The iguana is charmed.
The centaur hits you.
* * * LOW HITPOINT WARNING * * *
The centaur completely misses you.
Unknown command.
You tentacle-slap the centaur but do no damage.
The centaur is severely wounded.
The centaur hits you.
You die...

+....+....# #.....
#....#....#
##.....############....##
.........................
........>................
.........................
.........................
)......l.................
........@................
+########c############...
..o.. #... .=....... #...
#..##....## #... #..
#'#### ##.. #. .. #.. .
.. #.. ..


You could see a centaur (ally target), an orc and a friendly iguana (charmed).

Vanquished Creatures
  A water moccasin (D:6)
  2 black bears (D:5)
  3 phantoms (D:5)
  A kobold brigand (D:4)
  A bullfrog (D:4)
  A scorpion (D:4)
  3 killer bees (D:5)
  2 howler monkeys (D:4)
  2 orc priests (D:5)
  5 hounds
  Natasha (thrice) (D:2)
  2 iguanas
  4 orc wizards
  7 adders
  4 gnolls (D:4)
  A shadow imp (D:5)
  A white imp (D:6)
  3 worms
  4 dart slugs
  23 orcs
  8 ball pythons
  7 endoplasms
  3 giant cockroaches (D:1)
  5 goblins
  10 hobgoblins
  11 jackals (D:4)
  7 quokkas
  3 bats
  3 frilled lizards
  7 kobolds
  4 rats
141 creatures vanquished.

Vanquished Creatures (collateral kills)
  A hound (D:4)
  An orc priest (D:4)
  An adder (D:4)
  5 orcs
  A ball python (D:4)
  A hobgoblin (D:4)
10 creatures vanquished.

Vanquished Creatures (others)
  An adder (D:4)
  2 plants (D:4)
3 creatures vanquished.

Grand Total: 154 creatures vanquished

Notes
Turn   | Place    | Note
-------+----------+-------------------------------------------
     0 | D:1      | H0rd4k the Octopode Artificer began the quest for the Orb.
     0 | D:1      | Reached XP level 1. HP: 13/13 MP: 1/1
   152 | D:1      | Reached XP level 2. HP: 19/19 MP: 2/2
   235 | D:1      | Reached skill level 1 in Spellcasting
   841 | D:1      | Reached XP level 3. HP: 14/24 MP: 4/4
  1216 | D:1      | Reached skill level 1 in Unarmed Combat
  1477 | D:2      | Found a faded altar of an unknown god.
  1508 | D:2      | Noticed Natasha
  1510 | D:2      | Killed Natasha
  1511 | D:2      | Reached XP level 4. HP: 30/30 MP: 6/6
  1595 | D:2      | Noticed Natasha
  1601 | D:2      | Killed Natasha
  1857 | D:2      | Noticed Natasha
  1864 | D:2      | Killed Natasha
  1865 | D:2      | Reached XP level 5. HP: 20/36 MP: 8/8
  2008 | D:2      | You are sucked into a shaft and drop 1 floor!
  2595 | D:3      | Found Avvuph's Antique Armour Shop.
  3463 | D:3      | Reached XP level 6. HP: 39/42 MP: 9/9
  4089 | D:4      | Reached XP level 7. HP: 42/46 MP: 11/11
  4334 | D:4      | Reached skill level 5 in Unarmed Combat
  4809 | D:4      | Found a transporter.
  4810 | D:4      | Noticed ymhsbmbesitwf's ghost (amateur OgFE)
  4811 | D:4      | Identified the +4 dire flail of Bodily Harmony {vorpal, rF+
                  | Dex+8}
  4820 | D:4      | Found a transporter.
  4869 | D:5      | Entered Level 5 of the Dungeon
  4951 | D:5      | Reached XP level 8. HP: 7/54 MP: 12/14
  5767 | D:5      | Found a transporter.
  5771 | D:5      | Noticed Sensen's ghost (novice HuMo)
  5774 | D:5      | Found a bloodstained altar of Trog.
  5801 | D:5      | Reached skill level 5 in Spellcasting
  6105 | D:5      | Reached skill level 5 in Fighting
  6581 | D:5      | Found a transporter.
  6817 | D:5      | Learned a level 5 spell: Blade Hands
  6869 | D:6      | Reached skill level 1 in Transmutations
  7245 | D:6      | Reached XP level 9. HP: 62/62 MP: 18/18
  7249 | D:6      | Learned a level 3 spell: Confusing Touch
  7302 | D:6      | HP: 2/62 [centaur (5)]
  7303 | D:6      | Slain by a centaur

Illustrated notes

Levels and vault maps discovered:
D:1:      dpeg_arrival_windows_large_door, layout_basic, st_stairs_1
D:2:      layout_basic, nicolae_ecumenical_oubliette, uniq_natasha
D:3:      layout_basic, serial_shops, shop, kennysheep_generic_room_4
D:4:      lemuel_castle_with_subvaults [lemuel_castle_interior_carwin_2],
          layout_rooms, gammafunk_ghost_smash, ebering_dispersal_statue_hall,
          wad_floor_pattern_1
D:5:      layout_loops_ring, trog_three_pillars_becter,
          gammafunk_ghost_stat_death, dreamdust_wishing_well, minivault_11,
          minmay_manual_mail
D:6:      layout_gridville, due_unseen_surprise

Skill      XL: |  1  2  3  4  5  6  7  8 |
---------------+-------------------------+-----
Spellcasting   | 1 2 3 4 6 |  6.1
Fighting       | 2 3 4 5 |  5.7
Unarmed Combat | 1 2 3 4 6 |  6.1
Transmutations | 1 |  1.3
Dodging        | |  2.3
Stealth        | |  1.3
Evocations     | |  3.2

Action                   |  1- 3 |  4- 6 |  7- 9 || total
-------------------------+-------+-------+-------++-------
Melee: Unarmed           |    63 |   131 |   198 ||   392
       Tentacles         |    16 |    39 |    60 ||   115
       Constrict         |    23 |    37 |    40 ||   100
       Punch             |     1 |     4 |     8 ||    13
Evoke: Wand              |     3 |     7 |    16 ||    26
  Use: Scroll            |       |     7 |       ||     7
       Potion            |       |       |     3 ||     3
 Stab: Sleeping          |     8 |     6 |     4 ||    18
       Distracted        |     1 |       |       ||     1
Armor: Skin              |     5 |     6 |    15 ||    26
Dodge: Dodged            |    38 |    58 |   132 ||   228
